 Dungeon Crawl Stone Soup version 0.30-a0-830-gfe289a77b0 (webtiles) character file.

Game seed: 10143339399903437751

1968 Nacht the Conjurer (level 9, -3/85 HPs)
             Began as a Demonspawn Earth Elementalist on Feb 28, 2023.
             Was a Follower of Vehumet.
             Killed from afar by a white imp (5 damage)
             ... with a puff of frost
             ... on level 7 of the Dungeon.
             The game lasted 00:07:20 (6623 turns).

Nacht the Conjurer (Demonspawn Earth Elementalist)  Turns: 6623, Time: 00:07:20

Health: -3/85      AC: 24    Str:  8    XL:     9   Next: 0%
Magic:  13/16      EV:  2    Int: 21    God:    Vehumet [*.....]
Gold:   239        SH:  5    Dex: 14    Spells: 12/18 levels left

rFire   . . .      SeeInvis .    n - +1 dagger (venom)
rCold   + . .      Faith    .    (no shield)
rNeg    . . .      Spirit   .    (body armour currently unavailable)
rPois   +          Reflect  +    (helmet currently unavailable)
rElec   .          Harm     .    (cloak currently unavailable)
rCorr   .          Rampage  .    (gloves currently unavailable)
Will    .....      NoTele   +    (boots currently unavailable)
Stlth   ++                       g - amulet of reflection
HPRegen 0.34/turn                a - ring of protection from cold
MPRegen 0.15/turn                (no ring)

@: tree-form
A: stationary, stasis, torment immunity, boosted hp, (antennae 2), (molten
scales 3)
a: Renounce Religion


You were on level 7 of the Dungeon.
You worshipped Vehumet.
Vehumet was aware of your devotion.
You were a tree.
You visited 2 branches of the dungeon, and saw 8 of its levels.

You collected 239 gold pieces.

Inventory:

Hand Weapons
 i - a +0 short sword of venom
 n - a +1 dagger of venom (weapon)
Missiles
 t - 8 poisoned darts
Armour
 j - a +0 pair of gloves (melded)
 k - a +0 leather armour (melded)
Jewellery
 a - a ring of protection from cold (left branch)
 g - an amulet of reflection (around neck)
 l - an amulet of faith
Wands
 m - a wand of roots (8) (quivered)
Scrolls
 c - 7 scrolls of teleportation
 d - a scroll of immolation {unknown}
 e - 3 scrolls of fear {unknown}
 f - a scroll of identify
 q - 2 scrolls of fog {unknown}
 r - a scroll of brand weapon {unknown}
 s - a scroll of magic mapping {unknown}
Potions
 h - 3 potions of attraction
 o - 2 potions of flight
 p - 2 potions of lignification


   Skills:
 - Level 1.7 Dodging
 - Level 1.7 Stealth
 + Level 5.3 Spellcasting
 * Level 7.7 Conjurations
 - Level 0.8 Transmutations
 + Level 6.8 Earth Magic


You had 12 spell levels left.
You knew the following spells:

 Your Spells              Type           Power      Damage    Failure   Level
a - Sandblast             Erth           68%        2d15      1%          1
b - Stone Arrow           Conj/Erth      72%        3d11      1%          3
w - Passwall              Tmut/Erth      17%        N/A       3%          2

Your spell library contained the following spells:

 Spells                   Type           Power      Damage    Failure   Level
 Magic Dart               Conj           100%       1d8       1%          1
 Sting                    Tmut/Pois      28%        1d4       9%          1
 Mephitic Cloud           Conj/Pois/Air  16%        N/A       11%         3
 Cigotuvi's Dreadful Rot  Necr/Pois/Air  10%        N/A       16%         2
 Poisonous Vapours        Pois/Air       10%        N/A       16%         2
 Petrify                  Tmut/Erth      21%        N/A       22%         4
 Animate Armour           Summ/Erth      40%        N/A       26%         4
 Gell's Gravitas          Tloc           5%         N/A       32%         3
 Inner Flame              Hex/Fire       5%         N/A       32%         3
 Teleport Other           Tloc           5%         N/A       32%         3
 Cause Fear               Hex            2%         N/A       71%         4
 Olgreb's Toxic Radiance  Pois           5%         N/A       71%         4
 Dispersal                Tloc           2%         N/A       100%        6
 Discord                  Hex            2%         N/A       100%        8
 Lehudib's Crystal Spear  Conj/Erth      18%        10d5      100%        8


Dungeon Overview and Level Annotations

Branches:
Dungeon (7/15)             Temple (1/1) D:6

Altars:
Ashenzari
Fedhas
Gozag
Hepliaklqana
Kikubaaqudgha
Nemelex Xobeh
Okawaru
Qazlal
Ru
Sif Muna
Trog
Uskayaw
Vehumet
Wu Jian
Yredelemnul

Shops:
D:3 :


Innate Abilities, Weirdness & Mutations

You are a tree.
Your roots penetrate the ground, keeping you stationary.
You cannot be teleported.
You are immune to unholy pain and torment.
Your maximum health is greatly increased.
Your equipment is partially melded.
((You have a pair of antennae on your head.))
((You are completely covered in molten scales. (AC +4, rF+)))


Message History

A white imp comes into view.
Prince Ribbit is engulfed in poison gas.
Prince Ribbit is poisoned.
Prince Ribbit hits you.
* * * LOW HITPOINT WARNING * * *
You hit Prince Ribbit.
You kill Prince Ribbit!
Vehumet accepts your kill.
You have reached level 9!
Your experience leads to an increase in your attributes!
Increase (S)trength, (I)ntelligence, or (D)exterity?
You feel clever. x2; Your demonic ancestry asserts itself...
The antennae on your head grow some more.
A white imp is nearby!
Okay, then.
Magic courses through your body.
Okay, then.
Casting: Sandblast (safe; 1% risk of failure)
Confirm with . or Enter, or press ? or * to list all spells.
You can't see any susceptible monsters within range! (Use Z to cast anyway.)
Your magical effects are unravelling.
You feel magically purged.
You flicker back into view.
The white imp shouts!
Really quaff the potion of lignification?
You turn into a tree.
Your +0 pair of gloves melds into your body.
Your +0 leather armour melds into your body.
Your roots penetrate the ground.
The white imp gestures at you. The puff of frost hits you. You resist.
* * * LOW HITPOINT WARNING * * *
Casting: Sandblast (safe; 1% risk of failure)
Confirm with . or Enter, or press ? or * to list all spells.
Aiming: Stone Arrow (safe; 1% risk of failure)
Press: ? - help, Shift-Dir - straight line, f - white imp
Aim: a white imp (poison gas, 74% to hit)
The stone arrow misses the white imp.
The white imp gestures at you. The puff of frost hits you. You resist.
You die...

################
.......☼§§§§§§§#
.......#☼§☼§§§§#####+##
.......#○§§○5§☼§.......
.......#.§§○§§○§.......
=....@##♣§§§§§☼##......
...F.. #○☼§§§○○##......
...... #§§§§§§§§.......
##.... #☼☼§§§§§§.......
#.○○○§§§########
#○☼§☼§§§# ..... #
##☼§○§§○§##..... #
#§○§○○○☼§☼...... +
+............... #


You could see a white imp.

Vanquished Creatures
  Joseph (D:7)
  Prince Ribbit (D:7)
  2 steam dragons (D:7)
  2 ice beasts
  A black bear (D:5)
  An ogre (D:6)
  2 bullfrogs
  A scorpion (D:3)
  6 killer bees
  A hound (D:7)
  3 iguanas
  Robin (D:3)
  9 gnolls
  9 adders
  A white imp (D:7)
  2 dart slugs
  14 orcs
  11 ball pythons
  4 endoplasms
  A giant cockroach (D:2)
  5 goblins (D:3)
  9 hobgoblins
  7 kobolds
  3 quokkas
  9 bats
  2 frilled lizards
  2 rats
110 creatures vanquished.

Notes
Turn   | Place    | Note
-------+----------+-------------------------------------------
     0 | D:1      | Nacht the Demonspawn Earth Elementalist began the quest for
                  | the Orb.
     0 | D:1      | Reached XP level 1. HP: 13/13 MP: 3/3
   224 | D:1      | Gained mutation: You have a pair of small antennae on your
                  | head. [demonic ancestry]
   224 | D:1      | Reached XP level 2. HP: 19/19 MP: 1/5
  1001 | D:2      | Gained mutation: You are partially covered in molten
                  | scales. (AC +2) [demonic ancestry]
  1001 | D:2      | Reached XP level 3. HP: 24/24 MP: 4/6
  2092 | D:3      | Found an iron altar of Okawaru.
  2129 | D:3      | Reached XP level 4. HP: 27/30 MP: 1/7
  2253 | D:3      | Learned a level 2 spell: Passwall
  2257 | D:3      | Learned a level 3 spell: Stone Arrow
  2307 | D:3      | Found an ornate altar of the Wu Jian Council.
  2309 | D:3      | Found a radiant altar of Vehumet.
  2338 | D:3      | Found a broken altar of Ashenzari.
  2362 | D:3      | Found Maemuh's Vocational Training.
  2480 | D:3      | Reached skill level 1 in Conjurations
  2560 | D:3      | Found a stormy altar of Qazlal.
  2674 | D:3      | Noticed a scorpion
  2686 | D:3      | Killed a scorpion
  2687 | D:3      | Reached skill level 2 in Conjurations
  2687 | D:3      | Gained mutation: You are mostly covered in molten scales.
                  | (AC +3) [demonic ancestry]
  2687 | D:3      | Reached XP level 5. HP: 23/35 MP: 0/8
  2803 | D:3      | Identified the +1 helmet of Classification {Str+4 Int-3}
  2803 | D:3      | Noticed Robin
  2831 | D:3      | Killed Robin
  3025 | D:3      | Found a sacrificial altar of Ru.
  3029 | D:3      | Found a bloodstained altar of Trog.
  3234 | D:4      | Reached skill level 5 in Earth Magic
  3382 | D:3      | Became a worshipper of Vehumet
  4096 | D:5      | Entered Level 5 of the Dungeon
  4104 | D:4      | Reached XP level 6. HP: 18/41 MP: 5/10
  4325 | D:4      | Reached skill level 3 in Conjurations
  5236 | D:6      | Found a staircase to the Ecumenical Temple.
  5251 | D:7      | Reached skill level 4 in Conjurations
  5379 | D:7      | Gained mutation: You are completely covered in molten
                  | scales. (AC +4, rF+) [demonic ancestry]
  5379 | D:7      | Reached XP level 7. HP: 43/46 MP: 5/12
  5714 | D:6      | Found a hazy altar of Hepliaklqana.
  5714 | D:6      | Found an ancient bone altar of Kikubaaqudgha.
  5741 | D:6      | Reached skill level 5 in Conjurations
  5932 | D:6      | Reached * piety under Vehumet
  5932 | D:6      | Offered knowledge of Magic Dart by Vehumet.
  5933 | D:6      | Reached XP level 8. HP: 52/52 MP: 8/14
  6035 | D:6      | Reached skill level 6 in Conjurations
  6229 | Temple   | Entered the Ecumenical Temple
  6600 | D:7      | Noticed Prince Ribbit
  6600 | D:7      | Noticed Joseph
  6615 | D:7      | Killed Joseph
  6616 | D:7      | Reached skill level 5 in Spellcasting
  6616 | D:7      | Reached skill level 7 in Conjurations
  6618 | D:7      | HP: 1/52 [Prince Ribbit (6)]
  6619 | D:7      | Killed Prince Ribbit
  6620 | D:7      | Gained mutation: You have a pair of antennae on your head.
                  | [demonic ancestry]
  6620 | D:7      | Reached XP level 9. HP: 2/57 MP: 1/16
  6623 | D:7      | Killed from afar by a white imp

Illustrated notes

Levels and vault maps discovered:
D:1:      matt_arrival_diagonals, layout_basic, minmay_tetromino_t2
D:2:      layout_basic
D:3:      layout_loops_corners, mainiacjoe_overflow_alcove_2,
          nicolae_overflow_hidden_temple, mainiacjoe_overflow_tiny_flanked,
          nicolae_ashenzari_skybound, nicolae_shop_vocational, uniq_robin
D:4:      layout_basic
D:5:      layout_loops_ring, grunt_ministairs_7
D:6:      layout_rooms, gammafunk_temple_overflow_wave,
          minmay_temple_entry_junction
D:7:      layout_gridville, uniq_prince_ribbit1, uniq_joseph
Temple:   nicolae_temple_bog_church

Skill      XL: |  1  2  3  4  5  6  7  8 |
---------------+-------------------------+-----
Earth Magic    | 3 4 5 6 |  6.8
Conjurations   | 2 4 5 7 |  7.7
Spellcasting   | 3 4 5 |  5.3
Dodging        | |  1.7
Stealth        | |  1.7
Transmutations | |  0.8

Action                     |  1- 3 |  4- 6 |  7- 9 || total
---------------------------+-------+-------+-------++-------
  Melee: Unarmed           |     1 |       |       ||     1
         Dagger            |       |    30 |     3 ||    33
   Cast: Sandblast         |    40 |    88 |    43 ||   171
         Stone Arrow       |       |     3 |    15 ||    18
  Evoke: Wand              |       |       |     1 ||     1
    Use: Scroll            |       |     1 |     6 ||     7
         Potion            |       |     4 |     5 ||     9
 Armour: Robe              |     2 |       |       ||     2
         Leather armour    |     1 |    36 |    11 ||    48
  Dodge: Dodged            |     2 |    52 |    21 ||    75
  Block: Other             |       |    19 |     6 ||    25
         Reflection        |       |     1 |     2 ||     3

Table legend: (Time is in decaauts)
 A = Elapsed time spent in this place.
 B = Non-inter-level travel time spent in this place.
 C = Inter-level travel time spent in this place.
 D = Time resting spent in this place.
 E = Time spent auto-exploring this place.
 F = Levels seen in this place.
 G = Mean time per level.
                   A        B        C        D        E       F      G
               +--------+--------+--------+--------+--------+-----+--------+
         Total |   6708 |   6268 |    440 |      2 |   5454 |   8 |  838.5 |
       Dungeon |   6663 |   6239 |    424 |      2 |   5432 |   7 |  951.9 |
        Temple |     45 |     29 |     16 |      0 |     22 |   1 |   45.0 |
               +--------+--------+--------+--------+--------+-----+--------+

Top non-repeatable levels by time:
     D:3: 1364 daAuts
     D:4: 1155 daAuts
     D:2: 1002 daAuts
     D:5: 920 daAuts
     D:1: 848 daAuts
     D:6: 739 daAuts
     D:7: 632 daAuts
  Temple: 45 daAuts
